 Dungeon Crawl Stone Soup version 0.20.1-1-g8b1a95d (webtiles) character file.

410 LadyOphelia the Cutter (level 6, -3/53 HPs)
             Began as a Draconian Berserker on Aug 19, 2017.
             Was an Initiate of Makhleb.
             Slain by a black bear (4 damage)
             ... created by the rage of Trog
             ... on level 4 of the Dungeon.
             The game lasted 00:22:04 (4383 turns).

LadyOphelia the Cutter (Draconian Berserker)        Turns: 4383, Time: 00:22:05

Health: -3/53      AC:  6    Str: 21    XL:     6   Next: 58%
Magic:  6/6        EV: 13    Int:  7    God:    Makhleb [......]
Gold:   202        SH:  5    Dex: 11    Spells: 5/5 levels left

rFire    . . .     SeeInvis .   a - +0 short sword
rCold    . . .     Gourm    .   u - +2 buckler
rNeg     . . .     Faith    .   (armour unavailable)
rPois    .         Spirit   .   (helmet restricted)
rElec    .         Reflect  .   (no cloak)
rCorr    .         Harm     .   (no gloves)
MR       .....                  (no boots)
Stlth    ++........             (no amulet)
Regen    0.2/turn               (no ring)
MPRegen  0.1/turn               (no ring)

@: no status effects
A: unfitting armour, cold-blooded, AC +6
a: Renounce Religion


You were on level 4 of the Dungeon.
You worshipped Makhleb.
Makhleb was noncommittal.
You were near starving.

You visited 1 branch of the dungeon, and saw 4 of its levels.

You collected 202 gold pieces.

Inventory:

Hand Weapons
 a - a +0 short sword (weapon)
 f - a +0 hand axe
 m - a +0 hunting sling
Missiles
 t - a throwing net (quivered)
Armour
 u - a +2 buckler (worn)
 v - a +0 large shield
Jewellery
 x - the ring "Uvuhakob" {+Inv MR+ AC+3 Dex-5, unknown}
   (You found it on level 4 of the Dungeon)

   [ring of protection]

   It affects your AC (+3).
   It affects your dexterity (-5).
   It affects your resistance to hostile enchantments.
   It lets you turn invisible.
Scrolls
 c - 8 scrolls of identify {unknown}
 d - a scroll of fear {unknown}
 h - 2 scrolls of recharging {unknown}
 l - a scroll of enchant weapon {unknown}
 n - a scroll of blinking {unknown}
 o - 3 scrolls of remove curse {unknown}
 r - 2 scrolls of fog {unknown}
 s - 3 scrolls of enchant armour {unknown}
Potions
 e - 3 potions of might {unknown}
 g - a potion of degeneration {unknown}
 i - 2 potions of curing {unknown}
 j - a potion of agility {unknown}
 k - 2 potions of lignification {unknown}
 p - a potion of berserk rage {unknown}
Comestibles
 b - 2 meat rations
 q - 6 fruits
 w - a bread ration


   Skills:
 + Level 4.7 Fighting
 + Level 5.3 Short Blades
 + Level 4.3 Dodging
 + Level 1.5 Stealth


You had 5 spell levels left.
You didn't know any spells.

Dungeon Overview and Level Annotations

Branches:
Dungeon (4/15)
 Temple: D:4-7

Altars:
Cheibriados
Kikubaaqudgha
Makhleb


Innate Abilities, Weirdness & Mutations

Your plain brown scales are hard. (AC +6)
You cannot fit into any form of body armour.
You are cold-blooded and may be slowed by cold attacks.


Message History

The black bear claws you but does no damage. x2
You hit the black bear but do no damage.
You block the polar bear's attack. The polar bear claws you. x2
The black bear bites you! The black bear claws you.
The black bear claws you but does no damage.
You barely miss the black bear. The polar bear bites you!!
* * * LOW HITPOINT WARNING * * *
The polar bear closely misses you. x2; The black bear barely misses you.
The black bear claws you but does no damage.
You block the black bear's attack. You block the polar bear's attack.
The polar bear claws you.
* * * LOW HITPOINT WARNING * * *
The polar bear claws you but does no damage.
The black bear bites you.
* * * LOW HITPOINT WARNING * * *
The black bear misses you. The black bear claws you.
* * * LOW HITPOINT WARNING * * *
You closely miss the black bear. The black bear misses you.
The black bear claws you.
You die...

#.# #....# #.###...##
#.......# ###...###
##.....## #.......#
#.......## .........#
#.####### ### .........#
#..hh@hh# ...#
......############h# ...#
...####..⌠##....##.#....#
...#......##.##.##.#>...#
..##....).##.##.##......#
..#...#...##.##....###.##
..#...#....#.#####.#<#.#
.##...##...#.# #.#.#.##
.#...†.#...#.# #......#


You could see 3 polar bears and 2 black bears.

Vanquished Creatures
  2 ogres (D:4)
  An iguana (D:4)
  Natasha (twice) (D:3)
  10 adders
  2 worms (D:3)
  2 dart slugs
  A leopard gecko (D:4)
  A ball python (D:1)
  7 giant cockroaches
  7 goblins
  5 hobgoblins
  4 jackals (D:1)
  3 quokkas
  9 bats
  9 frilled lizards
  7 kobolds
  8 rats
80 creatures vanquished.

Notes
Turn   | Place    | Note
-------+----------+-------------------------------------------
     0 | D:1      | LadyOphelia the Draconian Berserker began the quest for the Orb.
     0 | D:1      | Reached XP level 1. HP: 19/19 MP: 1/1
   398 | D:1      | Reached XP level 2. HP: 25/26 MP: 2/2
   605 | D:1      | Reached ** piety under Trog
   888 | D:1      | Reached XP level 3. HP: 30/31 MP: 3/3
  1473 | D:2      | Reached XP level 4. HP: 28/40 MP: 4/4
  1681 | D:2      | Found a snail-covered altar of Cheibriados.
  1779 | D:2      | Reached skill level 1 in Stealth
  2110 | D:2      | Found an ancient bone altar of Kikubaaqudgha.
  2731 | D:3      | Reached XP level 5. HP: 44/46 MP: 5/5
  2754 | D:3      | Found a faded altar of an unknown god.
  2816 | D:3      | Reached skill level 4 in Short Blades
  2933 | D:3      | Reached *** piety under Trog
  2985 | D:3      | Noticed Natasha
  2999 | D:3      | Killed Natasha
  3208 | D:3      | Noticed Natasha
  3220 | D:3      | Killed Natasha
  3632 | D:4      | Noticed an ogre
  3643 | D:4      | Killed an ogre
  3643 | D:4      | Reached XP level 6. HP: 46/53 MP: 6/6
  3677 | D:4      | Reached skill level 5 in Short Blades
  4188 | D:4      | Found a burning altar of Makhleb.
  4201 | D:4      | Fell from the grace of Trog
  4201 | D:4      | Became a worshipper of Makhleb the Destroyer
  4346 | D:4      | Got a transparent silver ring
  4379 | D:4      | Noticed a polar bear
  4379 | D:4      | Noticed a polar bear
  4379 | D:4      | Noticed a polar bear
  4382 | D:4      | HP: 2/53 [black bear[the rage of Trog] (6)]
  4383 | D:4      | Slain by a black bear

Skill      XL: |  1  2  3  4  5  6 |
---------------+-------------------+-----
Dodging        | 3 4 |  4.3
Fighting       | 4 |  4.7
Stealth        | 1 |  1.5
Short Blades   | 4 5 |  5.3

Action                   |  1- 3 |  4- 6 || total
-------------------------+-------+-------++-------
Melee: Short sword       |   137 |   174 ||   311
       Tailslap          |    13 |    24 ||    37
 Stab: Sleeping          |     1 |       ||     1
  Eat: Bread ration      |     1 |       ||     1
       Meat ration       |       |     1 ||     1
Armor: Skin              |    82 |    45 ||   127
Dodge: Dodged            |   136 |   120 ||   256
Block: Buckler           |       |     8 ||     8
